 Dungeon Crawl Stone Soup version 0.28-a0-1518-gbe868bca14 (webtiles) character file.

Game seed: 14222190706492454456

829 gruber the Geomancer (level 7, -5/36 HPs)
             Began as a Gargoyle Earth Elementalist on Jan 16, 2022.
             Slain by Edmund (12 damage)
             ... on level 4 of the Dungeon.
             The game lasted 00:05:26 (3946 turns).

gruber the Geomancer (Gargoyle Earth Elementalist)  Turns: 3946, Time: 00:05:27

Health: -5/36      AC: 11    Str: 11    XL:     7   Next: 97%
Magic:  6/11       EV: 11    Int: 18    God:
Gold:   187        SH:  0    Dex: 10    Spells: 4/12 levels left

rFire   . . .      SeeInvis .   k - +2 short sword (protect)
rCold   . . .      Faith    .   (no shield)
rNeg    + . .      Spirit   .   b - +0 robe
rPois   ∞          Reflect  .   l - +0 helmet
rElec   +          Harm     .   (no cloak)
rCorr   .          Rampage  .   u - +2 pair of gloves
Will    .....                   h - +0 pair of boots
Stlth   ++........              (no amulet)
HPRegen 0.12/turn               q - ring of flight
MPRegen 0.12/turn               (no ring)

@: flying
A: sickness immunity, AC +4, negative energy resistance 1, electricity
resistance, torment resistance 1, petrification resistance
a: no special abilities


You were on level 4 of the Dungeon.
You visited 2 branches of the dungeon, and saw 5 of its levels.

You collected 187 gold pieces.

Inventory:

Hand Weapons
 a - a +1 short sword of speed
 f - a +1 long sword of holy wrath
 k - a +2 short sword of protection (weapon)
Missiles
 c - 111 stones
Armour
 b - a +0 robe (worn)
 h - a +0 pair of boots (worn)
 l - a +0 helmet (worn)
 u - a +2 pair of gloves (worn)
Jewellery
 q - a ring of flight (left hand)
 s - an amulet of faith
Wands
 y - a wand of flame (19)
Scrolls
 e - a scroll of enchant armour {unknown}
 g - a scroll of magic mapping {unknown}
 i - a scroll of fear {unknown}
 m - a scroll of vulnerability {unknown}
 p - 3 scrolls of identify {unknown}
 r - a scroll of enchant weapon {unknown}
 w - a scroll of blinking {unknown}
 x - 2 scrolls of teleportation {unknown}
Potions
 d - a potion of flight {unknown}
 j - a potion of resistance {unknown}
 n - a potion of magic {unknown}
 o - a potion of attraction {unknown}
 t - 2 potions of curing {unknown}
 v - a potion of degeneration {unknown}


   Skills:
 - Level 1.5 Dodging
 - Level 2.2 Stealth
 - Level 3.0 Spellcasting
 - Level 6.1 Conjurations
 - Level 0.7 Transmutations
 * Level 8.0 Earth Magic


You had 4 spell levels left.
You knew the following spells:

 Your Spells              Type           Power      Damage    Failure   Level
a - Sandblast             Erth           62%        2d14      1%          1
b - Stone Arrow           Conj/Erth      56%        3d10      2%          3
c - Petrify               Tmut/Erth      18%        N/A       26%         4

Your spell library contained the following spells:

 Spells                   Type           Power      Damage    Failure   Level
 Passwall                 Tmut/Erth      15%        N/A       4%          2
 Mephitic Cloud           Conj/Pois/Air  10%        N/A       22%         3
 Corpse Rot               Necr/Air       4%         N/A       24%         2
 Poisonous Vapours        Pois/Air       4%         N/A       24%         2
 Ignite Poison            Fire/Tmut/Pois 3%         N/A       41%         3
 Animate Dead             Necr           1%         N/A       85%         4
 Borgnjor's Vile Clutch   Necr/Erth      8%         N/A       65%         5
 Freezing Cloud           Conj/Ice/Air   5%         6-21      89%         5
 Death Channel            Necr           1%         N/A       100%        6


Dungeon Overview and Level Annotations

Branches:
Dungeon (4/15)             Temple (1/1) D:4

Altars:
Ashenzari
Cheibriados
Dithmenos
Fedhas
Gozag
Kikubaaqudgha
Makhleb
Nemelex Xobeh
Okawaru
Qazlal
Ru
Sif Muna
Trog
Wu Jian
Xom
Zin

Shops:
D:2 *([*

Annotations:
D:4 Edmund


Innate Abilities, Weirdness & Mutations

You are immune to sickness and miasma.
Your stone body is resilient. (AC +4)
You are immune to poison.
You resist negative energy. (rN+)
You are resistant to electric shocks. (rElec)
You are resistant to unholy torment.
You are immune to petrification.


Message History

The blast of sand hits Sigmund!
Sigmund is heavily wounded.
The blast of sand hits Sigmund!
Sigmund is severely wounded.
The blast of sand hits Sigmund!
Sigmund is almost dead.
The blast of sand hits Sigmund!
You kill Sigmund!
Your Conjurations skill increases to level 6!
You can't see any susceptible monsters within range! (Use Z to cast anyway.)
You can't see any susceptible monsters within range! (Use Z to cast anyway.)
y - a wand of flame (19)
Things that are here:
a +0 scythe; a +0 robe; the human corpse of Sigmund Edmund the Younger comes into view.
He is wielding a +6 dire flail of protection.
Edmund is nearby!
Edmund is nearby!
Edmund is nearby!
Okay, then.
Casting: Sandblast (safe; 1% risk of failure)
Confirm with . or Enter, or press ? or * to list all spells.
You don't know that spell.
The blast of sand hits Edmund but does no damage.
Edmund shouts!
The blast of sand hits Edmund but does no damage.
The blast of sand hits Edmund.
Edmund is lightly wounded.
Edmund hits you with a +6 dire flail of protection.
The blast of sand hits Edmund but does no damage.
Edmund is lightly wounded.
Edmund hits you with a +6 dire flail of protection!
The blast of sand hits Edmund but does no damage.
Edmund is lightly wounded.
Edmund hits you but does no damage.
The blast of sand misses Edmund.
Edmund hits you with a +6 dire flail of protection!
* * * LOW HITPOINT WARNING * * *
You see here a +0 kite shield.
Edmund hits you with a +6 dire flail of protection!
You die...

.....#.#.......#.####......##..#.
##.#...#.#...#.#.# #...<####.#..
#.###.#.......#.# #.....###...#
#.# #......†.)).# #..........##
#.# #####.....).####....#####...
#.## #..........###.### #### #..#
##.########.# #..# ##.#
#..#....#[#.####.######### #.##
#..#....@@#........)..#... #..#
#..#..#...#.###..........( ##.#
#..#. #...#.# ####........
#.###..####...#.########......
#.##...#≈≈#...#..........#####
#......#..#......#########
#..##..#..#.....##
#..##..#......#.#
#.###..#..##..#.#


You could see Edmund.

Vanquished Creatures
  Sigmund (D:4)
  3 ogres
  A scorpion (D:4)
  A wyvern skeleton (D:4)
  2 orc priests (D:4)
  Robin (D:2)
  8 gnolls
  4 adders
  A worm (D:2)
  4 dart slugs
  9 orcs
  4 endoplasms
  A giant cockroach (D:3)
  18 goblins
  20 hobgoblins
  A quokka (D:4)
  6 ball pythons
  6 bats
  A frilled lizard (D:3)
  A jackal skeleton (D:4)
  2 kobolds
  5 rats
  A spectral hobgoblin (D:1)
101 creatures vanquished.

Vanquished Creatures (others)
  An adder (D:2)
1 creature vanquished.

Grand Total: 102 creatures vanquished

Notes
Turn   | Place    | Note
-------+----------+-------------------------------------------
     0 | D:1      | gruber the Gargoyle Earth Elementalist began the quest for
                  | the Orb.
     0 | D:1      | Reached XP level 1. HP: 10/10 MP: 3/3
   217 | D:1      | Reached skill level 4 in Earth Magic
   217 | D:1      | Reached XP level 2. HP: 15/15 MP: 5/5
   298 | D:1      | Found a faded altar of an unknown god.
   606 | D:1      | Reached XP level 3. HP: 19/19 MP: 1/6
   973 | D:2      | Reached skill level 5 in Earth Magic
  1098 | D:2      | Found Zeatwipt's Assorted Antiques.
  1289 | D:2      | Reached XP level 4. HP: 23/24 MP: 1/8
  1366 | D:2      | Found Ojeuxzuk's General Store.
  1410 | D:2      | Found Robbist's Antique Weapon Emporium.
  1470 | D:2      | Noticed Robin
  1646 | D:2      | Killed Robin
  1881 | D:2      | Found Obucutha's Armour Boutique.
  1886 | D:2      | Reached XP level 5. HP: 28/28 MP: 9/9
  2087 | D:3      | Reached skill level 6 in Earth Magic
  2453 | D:3      | Learned a level 3 spell: Stone Arrow
  2458 | D:3      | Learned a level 4 spell: Petrify
  2483 | D:3      | Noticed an ogre
  2512 | D:3      | Killed an ogre
  2513 | D:3      | Reached skill level 7 in Earth Magic
  2513 | D:3      | Reached XP level 6. HP: 32/32 MP: 5/10
  2894 | D:4      | Found a staircase to the Ecumenical Temple.
  2970 | D:4      | Reached skill level 8 in Earth Magic
  2981 | Temple   | Entered the Ecumenical Temple
  3139 | D:4      | Reached skill level 1 in Conjurations
  3142 | D:4      | Reached XP level 7. HP: 26/36 MP: 4/11
  3233 | D:4      | Noticed Sigmund
  3607 | D:4      | Found a shadowy altar of Dithmenos.
  3783 | D:4      | Reached skill level 5 in Conjurations
  3849 | D:4      | Killed Sigmund
  3937 | D:4      | Noticed Edmund
  3946 | D:4      | Slain by Edmund

Illustrated notes

Levels and vault maps discovered:
D:1:      beargit_arrival_greenhouse, layout_basic,
          dreamdust_ecumenical_altar_drowned_temple
D:2:      layout_rooms, serial_shops, nicolae_shop_advertising_works
          [nicolae_subvault_shop_adworks], shop, nicolae_shop_trees, shop,
          serial_rivers, chequers_serial_rivers_small_3,
          chequers_serial_rivers_marsh, chequers_serial_rivers_micro_b,
          chequers_serial_rivers_small_b, chequers_serial_rivers_micro_a,
          chequers_serial_rivers_small_a, uniq_robin
D:3:      layout_basic
D:4:      cheibrodos_pilgrimage, layout_rooms, nicolae_dithmenos_shadow_blocks,
          minmay_temple_entry_wispy, sigmund_edmund_badplayer
Temple:   regret_index_temple_waves

Skill      XL: |  1  2  3  4  5  6  7 |
---------------+----------------------+-----
Earth Magic    | 4 5 7 8 |  8.0
Spellcasting   | 3 |  3.0
Conjurations   | 3 6 |  6.1
Dodging        | |  1.5
Stealth        | |  2.2
Transmutations | |  0.7

Action                   |  1- 3 |  4- 6 |  7- 9 || total
-------------------------+-------+-------+-------++-------
Melee: Short sword       |    67 |    44 |    18 ||   129
 Cast: Sandblast         |    22 |    59 |    31 ||   112
       Petrify           |       |       |     1 ||     1
 Stab: Sleeping          |     1 |       |       ||     1
Armor: Robe              |    22 |    26 |    10 ||    58
Dodge: Dodged            |    37 |    47 |    12 ||    96

Table legend: (Time is in decaauts)
 A = Elapsed time spent in this place.
 B = Non-inter-level travel time spent in this place.
 C = Inter-level travel time spent in this place.
 D = Time resting spent in this place.
 E = Time spent auto-exploring this place.
 F = Levels seen in this place.
 G = Mean time per level.
                   A        B        C        D        E       F      G
               +--------+--------+--------+--------+--------+-----+--------+
         Total |   3951 |   3857 |     94 |      2 |   3177 |   5 |  790.2 |
       Dungeon |   3825 |   3751 |     74 |      2 |   3083 |   4 |  956.2 |
        Temple |    126 |    107 |     19 |      0 |     94 |   1 |  126.0 |
               +--------+--------+--------+--------+--------+-----+--------+

Top non-repeatable levels by time:
     D:1: 1057 daAuts
     D:2: 958 daAuts
     D:4: 953 daAuts
     D:3: 856 daAuts
  Temple: 126 daAuts
